cohdb
Replays
Latest Replays
All Replays
Popular Replays
Top Player Replays
Match Explorer
How It Works
Community
CoH3 Stats
Reddit
Sign in to upload your games and track your stats! →
Sign in with Steam
Match 42195718
Unlisted
Match 42195718
Overview
Messages
Build Orders
End
Pioneer Squad
Construct Infanterie Kompanie
Grenadier Squad
Selects Breakthrough Battlegroup
Selects Assault Grenadiers
MG 42 Machine Gun Team
Grenadier Squad
Grenadier Squad
Construct Luftwaffe Kompanie
Selects Breakthrough
Breakthrough
Jäger Squad
Support Elements
Medical Bunker
Wirbelwind Flakpanzer
Selects Rapid Production
Jäger Squad
Selects Blitzkrieg
Construct Panzer Kompanie
Stoßtruppen Squad
Breakthrough
Thien
Nostalgi@
0
0
Comments
sign in to comment!
No comments posted yet!